 Dungeon Crawl Stone Soup version 0.20-a0-1039-gf554463 (webtiles) character file.

48 Gorglomux the Sneak (level 3, 18/18 HPs)
             Began as a Felid Monk on Apr 22, 2017.
             Quit the game on level 3 of the Dungeon.
             The game lasted 00:05:32 (2362 turns).

Gorglomux the Sneak (Felid Monk)                    Turns: 2362, Time: 00:05:33

Health: 18/18      AC:  1    Str:  7    XL:     3   Next: 50%
Magic:  4/4        EV: 21    Int: 11    God:
Gold:   137        SH:  0    Dex: 19    Spells: 2/2 levels left
                                        Lives:  0   Deaths: 1

rFire    . . .     SeeInvis +     - Unarmed
rCold    + . .     Gourm    .   (shield unavailable)
rNeg     . . .     Faith    .   (armour unavailable)
rPois    .         Spirit   .   (helmet unavailable)
rElec    .         Reflect  .   (cloak unavailable)
rCorr    .         Harm     .   (gloves unavailable)
MR       .....                  (boots unavailable)
Stlth    +++++.....             (no amulet)
Regen    0.1/turn               l - ring of protection from cold {rC+, !d}
MPRegen  0.1/turn               n - ring of stealth {Stlth+}

@: quick
A: no armour, no weapons or thrown items, stealth, claws 1, fangs 3, see
invisible, carnivore 3, speed 1, shaggy fur 1, slow metabolism 1, sharp paws
a: no special abilities


You were on level 3 of the Dungeon.
You were not hungry.

You visited 1 branch of the dungeon, and saw 3 of its levels.

You collected 137 gold pieces.

Inventory:

Jewellery
 g - an uncursed ring of resist corrosion
   (You took it off a goblin on level 1 of the Dungeon)
 l - a ring of protection from cold (left paw) {rC+, !d}
   (You found it on level 2 of the Dungeon)
 n - a ring of stealth (right paw) {Stlth+}
   (You found it on level 2 of the Dungeon)
Scrolls
 c - 4 scrolls of teleportation {unknown}
 d - a scroll of immolation {unknown}
 e - a scroll of fear {unknown}
 f - 2 scrolls of amnesia {unknown}
 i - a scroll of remove curse {unknown}
 j - a scroll of identify {unknown}
Potions
 b - a potion of might {unknown}
 h - a potion of curing
 m - a potion of mutation {unknown}
Comestibles
 a - 5 meat rations {@e2@e2}
 k - a royal jelly


   Skills:
 - Level 4.0 Fighting
 - Level 5.3 Dodging
 - Level 5.3 Stealth
 + Level 4.2 Unarmed Combat


You had 2 spell levels left.
You didn't know any spells.

Dungeon Overview and Level Annotations

Branches:
Dungeon (3/15)

Altars:
Sif Muna

Annotations:
D:3 Sigmund


Innate Abilities, Weirdness & Mutations

You cannot wear armour.
You are incapable of wielding weapons or throwing items.
Your paws allow you to move quietly. (Stealth)
You have sharp claws.
You have razor-sharp teeth.
You have supernaturally acute eyesight. (SInv)
You are carnivorous and can eat meat at any time.
You cover ground quickly.
You are covered in fur. (AC +1)
You have a slow metabolism.
Your sharp claws are effective at attacking unaware monsters.


Message History

The bat closely misses you.
You closely miss the bat. You claw the bat.
You kill the bat!
No target in view!
No target in view!
No target in view!
You see here a bat corpse.
You butcher the bat corpse.
o - a chunk of flesh {@w0@w0} You see here a bat skeleton.
An adder comes into view.
A rat comes into view.
The adder hisses angrily.
The adder bites you.
You take 4 damage, and have 18/22 hp.
You scratch the adder. The adder bites you.
You take 2 damage, and have 16/22 hp.
You closely miss the adder. The adder barely misses you.
The rat closely misses you.
You scratch the adder. The adder misses you. The rat bites you.
You take 1 damage, and have 15/22 hp.
You closely miss the adder. The adder misses you.
The adder completely misses you. The rat misses you.
Unknown command.
You miss the adder. The adder bites you.
You are poisoned.
The adder poisons you!
You take 3 damage, and have 12/22 hp.
You scratch the adder.
You kill the adder!
You feel sick. The rat misses you.
You take 1 damage, and have 11/22 hp.
The rat completely misses you.
You see here an adder corpse.
You barely miss the rat. You bite the rat.
You kill the rat!
You feel sick.
You take 1 damage, and have 10/22 hp.
There isn't anything here!
You feel sick.
You see here an adder corpse.
You take 1 damage, and have 9/22 hp.
You butcher the adder corpse.
o - 3 chunks of flesh {@w0@w0} (gained 2)
You feel sick.
You take 1 damage, and have 9/22 hp.
There isn't anything here!
You feel sick.
You take 1 damage, and have 8/22 hp.
You now have 121 gold pieces (gained 12).
You feel sick.
You now have 137 gold pieces (gained 16).
You take 1 damage, and have 7/22 hp.
You start resting.
You feel sick. x2
You are no longer poisoned.
You take 1 damage, and have 6/22 hp.
You start resting.
Eating one of 3 chunks of flesh {@w0@w0}.
You eat one of the 3 chunks of flesh {@w0@w0}.
This raw flesh tastes great.
You regained 14 hp, and now have 20/22 hp.
Sigmund is nearby!
Sigmund casts a spell at you. The magic dart hits you!
You take 3 damage, and have 17/22 hp.
Sigmund casts a spell at you. The magic dart hits you!
You take 4 damage, and have 13/22 hp.
Sigmund points at you and mumbles some strange words.
The magic dart hits you!
* * * LOW HITPOINT WARNING * * *
You take 8 damage, and have 5/22 hp.
MASSIVE DAMAGE!!
All of the chunks of flesh in your inventory have rotted away.
There is an escape hatch in the floor here.
You start resting.
A frilled lizard comes into view.
You regained 2 hp, and now have 9/22 hp.
The frilled lizard hisses angrily.
The frilled lizard misses you.
You miss the frilled lizard. Your bite misses the frilled lizard.
The frilled lizard bites you.
You take 2 damage, and have 7/22 hp.
You scratch the frilled lizard but do no damage.
You bite the frilled lizard.
You kill the frilled lizard!
You start resting.
You regained 4 hp, and now have 11/22 hp.
Sigmund shouts!
Sigmund casts a spell.
Sigmund flickers and vanishes for a moment.
Sigmund gestures at you while chanting. The puff of flame hits you!
Ouch! That really hurt!
You die...
You are now level 3!
You rejoin the land of the living...
Health restored: 18 You now have 4/4 mp.

..........#..
..........#..
..........#.>
...........
##.......# #
#.#...@.. #..
#......
#....#####
#......
#......@.#
#.#####
####!....#
#...@..
#.....#
#......
.......#
##.#...
#.####+##
#.#... #
#.#..# ..#...
#######.#
#.......#


There were no monsters in sight!

Vanquished Creatures
  4 adders
  A worm (D:2)
  7 dart slugs
  2 leopard geckos
  6 bats
  3 giant cockroaches
  4 goblins (D:1)
  3 hobgoblins
  3 jackals (D:2)
  3 frilled lizards
  6 kobolds
  11 rats
53 creatures vanquished.

Notes
Turn   | Place    | Note
-------+----------+-------------------------------------------
     0 | D:1      | Gorglomux the Felid Monk began the quest for the Orb.
     0 | D:1      | Reached XP level 1. HP: 11/11 MP: 2/2
   219 | D:1      | Reached skill level 1 in Unarmed Combat
   272 | D:1      | Reached XP level 2. HP: 10/15 MP: 3/3
   405 | D:1      | Reached skill level 2 in Unarmed Combat
   653 | D:1      | Reached XP level 3. HP: 18/18 MP: 4/4
  1045 | D:2      | Reached skill level 3 in Unarmed Combat
  1422 | D:2      | Reached XP level 4. HP: 22/22 MP: 5/5
  1603 | D:2      | Found a deep blue altar of Sif Muna.
  1699 | D:2      | Gorglomux: !rng sif not not not
  1699 | D:2      | beem: The RNG chooses: not.
  1760 | D:3      | Noticed Sigmund
  1983 | D:3      | Reached skill level 4 in Unarmed Combat
  2231 | D:3      | HP: 5/22 [Sigmund/magic dart (8)]
  2361 | D:3      | Killed from afar by Sigmund
  2362 | D:3      | Reached XP level 3. HP: -1/18 MP: 4/4
  2362 | D:3      | Quit the game

Vault maps used:
D:1:      tarquinn_simple_flora_water_f, roderic_three_in_a_row
D:2:      lemuel_blue_sif_altar, kennysheep_generic_room_14
D:3:      zin_academy, first_bread, uniq_terence, uniq_sigmund, uniq_ijyb

Skill      XL: |  1  2  3  4 |
---------------+-------------+-----
Unarmed Combat | 1 2 3 4 |  4.2
Fighting       | |  4.0
Dodging        | |  5.3
Stealth        | |  5.3

Action                   |  1- 3 |  4- 6 || total
-------------------------+-------+-------++-------
Melee: Unarmed           |   121 |    22 ||   143
       Bite              |     9 |     3 ||    12
       Punch             |     1 |     2 ||     3
 Stab: Sleeping          |    11 |     5 ||    16
  Eat: Chunk             |     8 |     2 ||    10
Armor: Skin              |     4 |     1 ||     5
Dodge: Dodged            |   109 |    15 ||   124

Vault maps used:
D:1:      tarquinn_simple_flora_water_f, roderic_three_in_a_row
D:2:      lemuel_blue_sif_altar, kennysheep_generic_room_14
D:3:      zin_academy, first_bread, uniq_terence, uniq_sigmund, uniq_ijyb

Table legend:
 A = Turns spent in this place as a percentage of turns spent in the entire game.
 B = Non-inter-level travel turns spent in this place as a percentage of non-inter-level travel turns spent in the entire game.
 C = Inter-level travel turns spent in this place as a percentage of turns spent in this place.
 D = Turns resting spent in this place as a percentage of non-inter-level travel turns spent in this place.
 E = Turns spent auto-exploring this place as a percentage of non-inter-level travel turns spent in this place.
 F = Non-inter-level travel turns spent in this place divided by the number of levels of this place that you've seen.
                   A       B       C       D       E      F
               +-------+-------+-------+-------+-------+----------------------
         Total | 100.0 | 100.0 |   0.5 |   2.1 |   7.6 | 276.0
       Dungeon | 100.0 | 100.0 |   0.5 |   2.1 |   7.6 | 276.0
               +-------+-------+-------+-------+-------+----------------------

Table legend:
 A = Kills in this place as a percentage of kills in entire the game.
 B = Kills by you in this place as a percentage of kills by you in the entire game.
 C = Kills by friends in this place as a percentage of kills by friends in the entire game.
 D = Other kills in this place as a percentage of other kills in the entire game.
 E = Experience gained in this place as a percentage of experience gained in the entire game.
 F = Experience gained in this place divided by the number of levels of this place that you have seen.
                   A       B       C       D       E      F
               +-------+-------+-------+-------+-------+----------------------
         Total | 100.0 | 100.0 |  -nan |  -nan | 100.0 |  49.0
       Dungeon | 100.0 | 100.0 |  -nan |  -nan | 100.0 |  49.0
               +-------+-------+-------+-------+-------+----------------------
